 Seeded DCSS version 0.29-a0-11-ga75d3d97ab (webtiles) character file.

Game seed: 20220128 (custom seed)

7459 a11behringer the Cleaver (level 10, -2/88 HPs)
             Began as a Minotaur Berserker on Jan 28, 2022.
             Was a High Priest of Trog.
             Slain by an unseen horror (7 damage)
             ... on level 10 of the Dungeon.
             The game lasted 00:30:08 (11790 turns).

a11behringer the Cleaver (Minotaur Berserker)      Turns: 11790, Time: 00:30:09

Health: -2/88      AC: 15    Str: 25    XL:     10   Next: 94%
Magic:  9/9        EV:  8    Int:  4    God:    Trog [*****.]
Gold:   442        SH:  0    Dex: 11    Spells: 9/9 levels left

rFire   + . .      SeeInvis .   q - +7 mace of Termination {freeze, +Blink rPois rF+}
rCold   + . .      Faith    .   (no shield)
rNeg    . . .      Spirit   .   H - +0 plate armour
rPois   +          Reflect  .   (helmet restricted)
rElec   .          Harm     .   S - +0 cloak
rCorr   .          Rampage  .   (no gloves)
Will    +....                   (no boots)
Stlth   ..........              (no amulet)
HPRegen 0.24/turn               p - ring of protection from cold
MPRegen 0.11/turn               A - ring of willpower

@: no status effects
A: horns 2, retaliatory headbutt
a: Renounce Religion, Evoke Blink, Berserk, Trog's Hand, Brothers in Arms


You were on level 10 of the Dungeon.
You worshipped Trog.
Trog was extremely pleased with you.
You visited 1 branch of the dungeon, and saw 10 of its levels.
You also visited: Sewer and Bailey.

You collected 442 gold pieces.

Inventory:

Hand Weapons
 a - a +0 hand axe
 i - a +0 war axe
 q - the +7 mace of Termination (weapon) {freeze, +Blink rPois rF+}
   (You found it on level 3 of the Dungeon)

   It freezes those it strikes, dealing additional cold damage.
   It can also slow down cold-blooded creatures.
   rF:        It protects you from fire.
   rPois:     It protects you from poison.
   +Blink:    It lets you blink.
 u - a +0 hand crossbow
 F - a +0 hunting sling
 P - a +4 dire flail of freezing
 Q - a +0 executioner's axe
 U - a +0 broad axe
Missiles
 o - 145 arrows
 v - 100 bolts
 x - 106 sling bullets
Armour
 b - a +0 animal skin
 e - a +0 scale mail
 g - an orb of guile
 n - a +0 chain mail
 H - a +0 plate armour (worn)
 J - a +0 buckler
 S - a +0 cloak (worn)
Jewellery
 p - a ring of protection from cold (left hand)
 A - a ring of willpower (right hand)
 G - a +6 ring of strength
 I - a +4 ring of protection
 L - a ring of positive energy
 M - a +6 ring of intelligence
Wands
 W - a wand of paralysis (4)
 Y - a wand of flame (6)
Scrolls
 d - 4 scrolls of enchant weapon
 h - 3 scrolls of noise
 j - 5 scrolls of enchant armour
 t - a scroll of torment
 y - 4 scrolls of blinking
 K - 3 scrolls of summoning
 N - a scroll of identify
 O - a scroll of teleportation
 R - a scroll of fog
 X - a scroll of fear
 Z - a scroll of holy word {unknown}
Potions
 c - 4 potions of haste
 f - 4 potions of might
 k - 3 potions of brilliance {unknown}
 l - 8 potions of mutation
 m - 2 potions of attraction {unknown}
 r - 4 potions of degeneration
 s - 3 potions of lignification
 w - 3 potions of invisibility
 z - 5 potions of magic
 B - 3 potions of curing {unknown}
 C - 2 potions of ambrosia {unknown}
 D - a potion of cancellation {unknown}
 E - 2 potions of heal wounds {unknown}
 T - a potion of experience
 V - a potion of berserk rage {unknown}


   Skills:
 + Level 8.1 Fighting
 + Level 12.5(14.0) Axes
 * Level 10.2(12.9) Maces & Flails
 + Level 9.0 Armour
 + Level 3.2 Dodging
 * Level 3.3 Evocations


You had 9 spell levels left.
You didn't know any spells.
Your spell library was empty.

Dungeon Overview and Level Annotations

Branches:
Dungeon (10/15)            Temple (0/1) D:6            Lair (0/6) D:8
  Sewer (visited)          Bailey (visited)
    Orc: D:9-12

Altars:
Kikubaaqudgha

Shops:
D:4 *   D:6 :


Innate Abilities, Weirdness & Mutations

You have a pair of horns on your head.
You reflexively headbutt those who attack you in melee.


Message History

You thump the slime creature! You freeze the slime creature.
You headbutt the slime creature!
The slime creature is almost dead.
Something hits you but does no damage. The slime creature hits you!
* * * LOW HITPOINT WARNING * * *
Something hits you.
* * * LOW HITPOINT WARNING * * *
You sock the slime creature! You freeze the slime creature.
You kill the slime creature!
Trog accepts your kill. Something completely misses you.
You sock something! You freeze something.
Something hits you but does no damage.
Something hits you but does no damage. x2
Your skin crawls.
You feel strong-willed. The slime creature hits you!
* * * LOW HITPOINT WARNING * * *
You blink.
There are monsters nearby!
Unknown command.
There are monsters nearby!
There are monsters nearby!
Something hits you but does no damage. Something hits you but does no damage.
You feel the effects of Trog's Hand fading.
Something hits you but does no damage.
You feel stable enough to blink again. Something hits you!
* * * LOW HITPOINT WARNING * * *
Something hits you but does no damage. Something hits you but does no damage.
Something hits you.
* * * LOW HITPOINT WARNING * * *
Two slime creatures merge to form a large slime creature.
Two slime creatures merge to form a very large slime creature.
Something hits you but does no damage.
Your skin stops crawling.
You feel less strong-willed. Something hits you!
You die...

#################################
.....<..........@{.JJ............
#####.........####.#.#.#.#.#(#.#.
#.........# #.............>.
#.........# #.#.#.#.#.#.#.#.
#..<......# #...............
#.........# #.#.#.#.#.#.#.#.
#.........####...######..#...
#...........................#
.............................#


You could see a very large slime creature and a slime creature.

Vanquished Creatures
  An orc warlord (Bailey)
  2 two-headed ogres (D:9)
  A troll (D:9)
  A slime creature (D:10)
  Grinder (D:3)
  A wyvern (D:7)
  Eustachio (D:6)
  A steam dragon (D:7)
  Menkaure (D:6)
  2 water moccasins
  An acid dragon (D:9)
  3 wargs (D:8)
  A hornet zombie (D:8)
  6 orc warriors
  An ice beast (D:5)
  3 sky beasts
  3 ogres
  A black bear (D:6)
  A centaur (D:9)
  3 kobold brigands
  Blork the orc (D:5)
  A gnoll sergeant (D:6)
  4 scorpions
  7 killer bees
  8 wights
  2 jellies (D:7)
  3 hounds
  An orc priest (D:6)
  Jessica (D:3)
  A bullfrog skeleton (D:6)
  2 gnoll shamans
  2 iguanas
  6 orc wizards
  A hound skeleton (D:4)
  18 gnolls
  5 river rats
  5 adders
  A shadow imp (D:5)
  2 white imps
  6 worms
  A dart slug (D:2)
  40 orcs
  9 ball pythons
  A bat (D:1)
  10 endoplasms
  5 giant cockroaches
  15 goblins
  19 hobgoblins
  39 kobolds
  5 quokkas
  A frilled lizard (D:2)
  9 rats
266 creatures vanquished.

Vanquished Creatures (collateral kills)
  A hobgoblin (D:8)
  A kobold (D:8)
2 creatures vanquished.

Grand Total: 268 creatures vanquished

Notes
Turn   | Place    | Note
-------+----------+-------------------------------------------
     0 | D:1      | a11behringer the Minotaur Berserker began the quest for the
                  | Orb.
     0 | D:1      | Reached XP level 1. HP: 19/19 MP: 0/0
   483 | D:1      | Found a faded altar of an unknown god.
   514 | D:1      | Reached skill level 4 in Axes
   581 | D:1      | Reached XP level 2. HP: 27/27 MP: 1/1
  1330 | D:2      | Reached ** piety under Trog
  1331 | D:2      | Reached XP level 3. HP: 33/33 MP: 2/2
  1747 | D:3      | Noticed Jessica
  1752 | D:3      | Killed Jessica
  1753 | D:3      | Reached skill level 5 in Axes
  1754 | D:3      | Reached XP level 4. HP: 25/40 MP: 3/3
  1942 | D:3      | Found an ancient bone altar of Kikubaaqudgha.
  2030 | D:3      | Noticed Grinder
  2056 | D:3      | Killed Grinder
  2057 | D:3      | Reached skill level 6 in Axes
  2057 | D:3      | Reached XP level 5. HP: 9/47 MP: 4/4
  2057 | D:3      | Reached XP level 6. HP: 10/53 MP: 5/5
  2502 | D:3      | Identified the +7 mace of Termination {freeze, +Blink rPois
                  | rF+}
  2562 | D:3      | Reached skill level 7 in Axes
  2696 | D:4      | Found Udeu's Assorted Antiques.
  3261 | D:4      | Reached skill level 8 in Axes
  4132 | D:5      | Entered Level 5 of the Dungeon
  4134 | D:5      | Noticed a sky beast
  4141 | D:5      | Killed a sky beast
  4142 | D:5      | Reached skill level 5 in Fighting
  4142 | D:5      | Reached XP level 7. HP: 61/61 MP: 6/6
  4547 | D:5      | Reached skill level 9 in Axes
  4588 | D:5      | Noticed Blork the orc
  4601 | D:5      | Killed Blork the orc
  4777 | D:5      | Reached skill level 5 in Armour
  4939 | D:5      | Reached XP level 8. HP: 59/68 MP: 7/7
  5157 | D:6      | Reached *** piety under Trog
  5170 | D:6      | Found a glowing drain.
  5176 | Sewer    | Entered a sewer
  5376 | Sewer    | Reached skill level 10 in Axes
  5944 | D:6      | Found Isebbiwk's Book Boutique.
  5961 | D:6      | Noticed Eustachio
  5989 | D:6      | Killed Eustachio
  6125 | D:6      | Found a staircase to the Ecumenical Temple.
  6368 | D:6      | Reached skill level 11 in Axes
  6901 | D:6      | Noticed Menkaure
  6906 | D:6      | Killed Menkaure
  7064 | D:6      | You fall into a shaft and drop 2 floors!
  7064 | D:8      | Found a staircase to the Lair.
  7072 | D:8      | Reached XP level 9. HP: 75/75 MP: 8/8
  7076 | D:8      | Reached skill level 12 in Axes
  7380 | D:8      | Reached skill level 1 in Maces & Flails
  7699 | D:8      | Reached **** piety under Trog
  8668 | D:7      | Reached skill level 5 in Maces & Flails
  8879 | D:7      | Reached skill level 1 in Evocations
  9772 | D:8      | Reached XP level 10. HP: 77/86 MP: 9/9
 10205 | D:9      | Reached ***** piety under Trog
 10450 | D:9      | Noticed a two-headed ogre
 10458 | D:9      | Killed a two-headed ogre
 10569 | D:9      | Found a flagged portal.
 10583 | Bailey   | Entered a bailey
 10618 | Bailey   | Noticed an orc warlord
 10785 | Bailey   | Found a runed translucent gate.
 10787 | Bailey   | Found a runed translucent gate.
 10891 | Bailey   | Found a runed translucent gate.
 11011 | Bailey   | Killed an orc warlord
 11568 | D:9      | Noticed a two-headed ogre
 11576 | D:9      | Killed a two-headed ogre
 11577 | D:9      | Reached skill level 10 in Maces & Flails
 11730 | D:10     | Entered Level 10 of the Dungeon
 11780 | D:10     | HP: 2/88 [slime creature (14)]
 11785 | D:10     | HP: 1/88 [something (7)]
 11790 | D:10     | Slain by an unseen horror

Illustrated notes

Levels and vault maps discovered:
D:1:      wander_arrival_abandoned_jail, layout_basic,
          dreamdust_ecumenical_altar_grove, grunt_decor_one_mirror,
          hex_intersection
D:2:      layout_loops_cross
D:3:      layout_basic, kiku_gazebo_pond_becter, uniq_jessica, uniq_grinder
D:4:      layout_loops_ring, serial_shops, kennysheep_mini_moat,
          roderic_roman_lattice, minmay_stone_trees_medium
D:5:      layout_gridville, uniq_blork_the_orc
D:6:      layout_basic, minmay_temple_entry_arrows, serial_shops, shop,
          portal_sewer_entry_c, uniq_eustachio, uniq_menkaure
D:7:      layout_loops_ring, lightli_orcish_oven
D:8:      corexii_shantytown, layout_loops_cross, erik_lair_orcish_takeover,
          minmay_unpleasant_kobolds
D:9:      layout_loops_corners, enter_bailey_4, minivault_5
D:10:     layout_small_grid, small_statue_alley_a, st_stairs_13,
          hangedman_decor_diamond_cutter

Skill      XL: |  1  2  3  4  5  6  7  8  9 10 |
---------------+-------------------------------+-----
Axes           | 4 5 6 8 9 11 12 | 12.5
Fighting       | 4 5 6 7 8 |  8.1
Armour         | 3 4 5 6 7 9 |  9.0
Dodging        | 3 |  3.2
Maces & Flails | 6 10 | 10.2
Evocations     | 1 3 |  3.3

Action                   |  1- 3 |  4- 6 |  7- 9 | 10-12 || total
-------------------------+-------+-------+-------+-------++-------
Melee: Hand axe          |    25 |       |       |       ||    25
       War axe           |    41 |    81 |   238 |       ||   360
       Headbutt          |     3 |     9 |    49 |    18 ||    79
       Mace              |       |       |   169 |   145 ||   314
       Punch             |       |       |     3 |     3 ||     6
Invok: Berserk           |       |     4 |     6 |     4 ||    14
       Trog's Hand       |       |     2 |     4 |     3 ||     9
 Abil: Evoke Blink       |       |       |       |     1 ||     1
  Use: Scroll            |       |       |    16 |     3 ||    19
Armor: Scale mail        |    11 |       |       |       ||    11
       Animal skin       |     1 |       |       |       ||     1
       Chain mail        |    15 |    47 |   114 |       ||   176
       Plate armour      |       |       |    70 |   103 ||   173
Dodge: Dodged            |    29 |    25 |   145 |    55 ||   254

Table legend: (Time is in decaauts)
 A = Elapsed time spent in this place.
 B = Non-inter-level travel time spent in this place.
 C = Inter-level travel time spent in this place.
 D = Time resting spent in this place.
 E = Time spent auto-exploring this place.
 F = Levels seen in this place.
 G = Mean time per level.
                   A        B        C        D        E       F      G
               +--------+--------+--------+--------+--------+-----+--------+
         Total |  12028 |  10806 |   1222 |      0 |   8931 |  12 | 1002.3 |
       Dungeon |  10719 |   9497 |   1222 |      0 |   8226 |  10 | 1071.9 |
         Sewer |    772 |    772 |      0 |      0 |    423 |   1 |  772.0 |
        Bailey |    537 |    537 |      0 |      0 |    280 |   1 |  537.0 |
               +--------+--------+--------+--------+--------+-----+--------+

Top non-repeatable levels by time:
     D:6: 1724 daAuts
     D:4: 1475 daAuts
     D:8: 1393 daAuts
     D:7: 1222 daAuts
     D:9: 1155 daAuts
     D:3: 1000 daAuts
     D:5: 980 daAuts
     D:1: 918 daAuts
     D:2: 793 daAuts
   Sewer: 772 daAuts
  Bailey: 537 daAuts
    D:10: 56 daAuts
